 Dungeon Crawl Stone Soup version 0.27-a0-1090-gb115f176c6 (webtiles) character file.

Game seed: 954272249803068633

1855 sizableburger the Skirmisher (level 8, -17/65 HPs)
             Began as a Mummy Hunter on Apr 28, 2021.
             Demolished by Pikel
             ... wielding a +2 whip of electrocution
              (18 damage)
             ... on level 6 of the Dungeon.
             The game lasted 00:14:31 (7384 turns).

sizableburger the Skirmisher (Mummy Hunter)         Turns: 7384, Time: 00:14:33

Health: -17/65     AC:  4    Str: 17    XL:     8   Next: 89%
Magic:  8/8        EV: 12    Int: 11    God:
Gold:   322        SH:  0    Dex: 18    Spells: 7/7 levels left

rFire    x . .     SeeInvis .   j - +1 short sword (venom)
rCold    + . .     Faith    .   (no shield)
rNeg     + + +     Spirit   .   b - +1 leather armour
rPois    ∞         Reflect  .   (no helmet)
rElec    .         Harm     .   (no cloak)
rCorr    .         Rampage  .   (no gloves)
Will     +....                  (no boots)
Stlth    ++........             (no amulet)
HPRegen  0.20/turn              e - +6 ring of dexterity
MPRegen  0.11/turn              (no ring)

@: no status effects
A: cold resistance 1, negative energy resistance 3, torment resistance 2,
unbreathing 1, heat vulnerability 1, no potions
a: no special abilities


You were on level 6 of the Dungeon.
You visited 1 branch of the dungeon, and saw 6 of its levels.

You collected 322 gold pieces.

Inventory:

Hand Weapons
 j - a +1 short sword of venom (weapon)
Missiles
 a - 7 boomerangs (quivered)
 f - 13 poisoned darts
Armour
 b - a +1 leather armour (worn)
Jewellery
 e - a +6 ring of dexterity (left hand)
 g - a ring of protection from fire
Wands
 d - a wand of polymorph (6)
 m - a wand of flame (18)
Scrolls
 h - 2 scrolls of magic mapping
 k - 2 scrolls of fog


   Skills:
 + Level 6.9 Fighting
 + Level 5.4 Short Blades
 + Level 6.4 Throwing
 - Level 1.5 Dodging
 - Level 0.7 Stealth


You had 7 spell levels left.
You didn't know any spells.
Your spell library contained the following spells:

 Spells                   Type           Power      Damage    Failure   Level
 Freeze                   Ice            0%         1d3       41%         1
 Frozen Ramparts          Ice            0%         1d2       78%         3
 Ozocubu's Armour         Ice            0%         N/A       78%         3
 Hailstorm                Conj/Ice       0%         3d3       99%         4
 Metabolic Englaciation   Hex/Ice        0%         N/A       100%        5


Dungeon Overview and Level Annotations

Branches:
Dungeon (6/15)
 Temple: D:4-7

Altars:
Qazlal

Shops:
D:2 [

Annotations:
D:6 Pikel


Innate Abilities, Weirdness & Mutations

You are immune to poison.
Your flesh is cold resistant. (rC+)
You are immune to negative energy. (rN+++)
You are immune to unholy pain and torment.
You can survive without breathing.
You are vulnerable to heat. (rF-)
You do not drink.


Message History

* * * LOW HITPOINT WARNING * * *
The lemure hits you.
* * * LOW HITPOINT WARNING * * *
The lemure completely misses you. The lemure barely misses you.
The lemure hits you.
* * * LOW HITPOINT WARNING * * *
Okay, then.
Throw: 7 boomerangs
Press: ? - help, Q - select action, (/) - cycle Shift-Dir - straight line, f - lemure, p - Pikel
Aim: a lemure (heavily wounded, poisoned, 61% to hit)
You throw a boomerang. The boomerang hits the lemure.
The lemure is severely wounded.
The lemure barely misses you. x3
Throw: 7 boomerangs
Press: ? - help, Q - select action, (/) - cycle Shift-Dir - straight line, f/p - lemure
Aim: a lemure (severely wounded, poisoned, 61% to hit)
You throw a boomerang. The boomerang hits the lemure!
You kill the lemure!
That felt strangely unrewarding.
The lemure misses you. x2
You hit the lemure but do no damage.
The lemure looks as sick as possible!
The lemure is moderately wounded.
You kill the lemure!
That felt strangely unrewarding.
The lemure hits you.
* * * LOW HITPOINT WARNING * * *
Blink to where?
Press: ? - help, Dir - move target
As you read the scroll of blinking, it crumbles to dust.
Pikel says, "I touched Geryon's horn once."
Pikel waves his whip at you.
You see here 16 stones.
You hit the orc.
The orc is almost dead.
You hit the orc but do no damage.
The orc is poisoned.
The orc is almost dead.
You kill the orc!
Pikel hits you with a +2 whip of electrocution!
* * * LOW HITPOINT WARNING * * *
You are electrocuted!!
You die...

.## #...#### #.....#
..## #....o.# #.....#
#..####..)##.# #)#.###
.#..K#######o# #)#†#
.o##5## #o### ##.#.#
#..#o.## #...# #..#.#
.....o.## ###.####.##.#
..####.5## #.K.##.##.#
### ##..## ###@#..##.# #
#####..######)#.###.#
#...#...5.5.5.....#.#
##......####....#.#.#
###..#......#......##
##.######.#.###...##
###..# #.#.###....#
##....######....##..#.##
#...#....>..##<..#.....#


You could see Pikel, a lemure and 2 orcs.

Vanquished Creatures
  Grinder (D:3)
  A black bear (D:6)
  A sky beast (D:6)
  3 ogres
  4 necrophages
  2 phantoms
  A centaur (D:5)
  2 lemures (D:6)
  A howler monkey (D:6)
  A bullfrog zombie (D:5)
  A centaur zombie (D:5)
  A centaur skeleton (D:6)
  3 hounds
  An orc priest (D:4)
  2 jellies
  A scorpion zombie (D:5)
  An orc wizard (D:4)
  A hound skeleton (D:4)
  A howler monkey zombie (D:6)
  13 gnolls
  3 adders
  2 adder skeletons (D:4)
  3 worms
  2 dart slugs
  5 orcs
  9 ball pythons
  10 endoplasms
  4 giant cockroaches
  5 goblins
  7 hobgoblins
  16 jackals
  13 kobolds
  6 bats
  4 frilled lizards
  6 rats
137 creatures vanquished.

Notes
Turn   | Place    | Note
-------+----------+-------------------------------------------
     0 | D:1      | sizableburger the Mummy Hunter began the quest for the Orb.
     0 | D:1      | Reached XP level 1. HP: 16/16 MP: 1/1
   320 | D:1      | Reached XP level 2. HP: 14/22 MP: 2/2
   692 | D:1      | Reached skill level 1 in Short Blades
   963 | D:1      | Reached XP level 3. HP: 25/28 MP: 3/3
  2316 | D:2      | Found Qeory's Antique Armour Boutique.
  2405 | D:2      | Reached XP level 4. HP: 35/35 MP: 4/4
  2549 | D:2      | Found a stormy altar of Qazlal.
  3158 | D:3      | Noticed a necrophage
  3180 | D:3      | Killed a necrophage
  3181 | D:3      | Reached XP level 5. HP: 7/41 MP: 5/5
  3548 | D:3      | Found a faded altar of an unknown god.
  3864 | D:3      | Noticed Grinder
  3877 | D:3      | Paralysed by Grinder for 4 turns
  3887 | D:3      | Killed Grinder
  3888 | D:3      | Reached XP level 6. HP: 48/48 MP: 6/6
  4376 | D:4      | Reached XP level 7. HP: 36/55 MP: 7/7
  4684 | D:4      | Reached skill level 5 in Throwing
  4998 | D:4      | Reached skill level 5 in Fighting
  5181 | D:5      | Entered Level 5 of the Dungeon
  5852 | D:5      | Reached XP level 8. HP: 56/64 MP: 8/8
  6883 | D:6      | Reached skill level 5 in Short Blades
  7293 | D:6      | Noticed Pikel
  7384 | D:6      | HP: 1/65 [Pikel/+2 whip of electrocution (10)]
  7384 | D:6      | Demolished by Pikel

Illustrated notes

Levels and vault maps discovered:
D:1:      minmay_arrival_plants_in_alcoves, layout_basic
D:2:      minmay_door_path, layout_basic, basic_altar, serial_shops,
          shop_fountains, serial_park_tiny_1, minmay_goblin_kobold_house
D:3:      layout_loops_corners, hellmonk_ecumenical_altar_dog_temple,
          uniq_grinder
D:4:      layout_rooms, st_stairs_2, dk_noncrumbling_4
D:5:      layout_loops_ring, minmay_liquid_box
D:6:      layout_rooms, gammafunk_temple_overflow_claw,
          minmay_temple_entry_junction, uniq_pikel

Skill      XL: |  1  2  3  4  5  6  7  8 |
---------------+-------------------------+-----
Short Blades   | 1 2 3 4 5 |  5.4
Fighting       | 3 4 5 6 |  6.9
Throwing       | 4 5 6 |  6.4
Dodging        | |  1.5
Stealth        | |  0.7

Action                   |  1- 3 |  4- 6 |  7- 9 || total
-------------------------+-------+-------+-------++-------
Melee: Short sword       |   147 |   114 |   180 ||   441
Throw: Javelin           |    19 |    14 |    14 ||    47
       Boomerang         |       |     9 |    51 ||    60
       Dart              |       |     4 |     5 ||     9
       Throwing net      |       |     2 |       ||     2
Evoke: Wand              |       |     2 |     1 ||     3
  Use: Scroll            |       |     4 |     8 ||    12
 Stab: Sleeping          |     1 |     1 |     2 ||     4
       Held in net/web   |       |     3 |       ||     3
Armor: Leather armour    |    68 |    21 |    44 ||   133
Dodge: Dodged            |   114 |    78 |   116 ||   308

Table legend: (Time is in decaauts)
 A = Elapsed time spent in this place.
 B = Non-inter-level travel time spent in this place.
 C = Inter-level travel time spent in this place.
 D = Time resting spent in this place.
 E = Time spent auto-exploring this place.
 F = Levels seen in this place.
 G = Mean time per level.
                   A        B        C        D        E       F      G
               +--------+--------+--------+--------+--------+-----+--------+
         Total |   7387 |   7000 |    387 |   2026 |   3704 |   6 | 1231.2 |
       Dungeon |   7387 |   7000 |    387 |   2026 |   3704 |   6 | 1231.2 |
               +--------+--------+--------+--------+--------+-----+--------+

Top non-repeatable levels by time:
     D:2: 1616 daAuts
     D:1: 1546 daAuts
     D:5: 1271 daAuts
     D:3: 1206 daAuts
     D:6: 881 daAuts
     D:4: 865 daAuts
